 Dungeon Crawl Stone Soup version 0.29.1-1-gd02db6906a (webtiles) character file.

Game seed: 8681277155156336097

646 H0rd4k the Insei (level 7, -11/43 HPs)
             Began as an Octopode Transmuter on Oct 17, 2022.
             Was an Initiate of Gozag.
             Killed from afar by a steam dragon (19 damage)
             ... with a ball of steam
             ... on level 8 of the Dungeon on Oct 18, 2022.
             The game lasted 00:07:45 (4508 turns).

H0rd4k the Insei (Octopode Transmuter)              Turns: 4508, Time: 00:07:47

Health: -11/43     AC:  2    Str:  9    XL:     7   Next: 52%
Magic:  9/11       EV: 25    Int: 17    God:    Gozag
Gold:   368        SH:  0    Dex: 18    Spells: 7/11 levels left

rFire   . . .      SeeInvis .     - Unarmed
rCold   . . .      Faith    .   (shield currently unavailable)
rNeg    . . .      Spirit   .   (helmet currently unavailable)
rPois   x          Reflect  .   j - amulet of regeneration
rElec   .          Harm     .   p - +4 ring of evasion
rCorr   .          Rampage  .   (no ring)
Will    .....                   (no ring)
Stlth   +++.......              (no ring)
HPRegen 0.94/turn               (no ring)
MPRegen 0.12/turn               (no ring)
                                (no ring)
                                (no ring)

@: spider-form (expiring)
A: venomous fangs, almost no armour, (amphibious), 8 rings, tiny, (camouflage
1), (gelatinous body 1), (nimble swimmer 1), (tentacles)
a: End Transformation, Renounce Religion, Potion Petition, Call Merchant, Bribe
Branch


You were on level 8 of the Dungeon.
You worshipped Gozag.
Gozag was aware of your devotion.
You were a venomous arachnid creature.
You visited 2 branches of the dungeon, and saw 9 of its levels.

You collected 468 gold pieces.
You paid 100 gold pieces to Gozag.

Inventory:

Hand Weapons
 w - a +2 falchion of freezing
Jewellery
 h - an amulet of magic regeneration
 j - an amulet of regeneration (around neck)
 p - a +4 ring of evasion (left front leg)
Scrolls
 f - 6 scrolls of identify
 g - a scroll of enchant armour {unknown}
 m - 3 scrolls of teleportation {unknown}
 n - a scroll of immolation {unknown}
 q - a scroll of enchant weapon {unknown}
 s - a scroll of poison {unknown}
 v - a scroll of acquirement {unknown}
Potions
 a - 3 potions of lignification
 b - a potion of berserk rage {unknown}
 c - a potion of might {unknown}
 e - 2 potions of ambrosia {unknown}
 i - 4 potions of curing
 k - a potion of degeneration
 l - a potion of resistance {unknown}
 o - 2 potions of haste
 r - a potion of magic {unknown}
 t - a potion of heal wounds {unknown}
 u - a potion of brilliance {unknown}


   Skills:
 + Level 1.5 Fighting
 + Level 3.7 Dodging
 + Level 5.1 Stealth
 + Level 5.8 Unarmed Combat
 * Level 2.8 Spellcasting
 + Level 2.8 Transmutations
 * Level 0.8 Poison Magic


You had 7 spell levels left.
You knew the following spells:

 Your Spells              Type           Power      Damage    Failure   Level
a - Beastly Appendage     Tmut           24%        N/A       16%         1
b - Spider Form           Tmut/Pois      8%         N/A       47%         3

Your spell library contained the following spells:

 Spells                   Type           Power      Damage    Failure   Level
 Wereblood                Tmut           12%        N/A       22%         2
 Stone Arrow              Conj/Erth      4%         3d7       69%         3
 Ice Form                 Ice/Tmut       7%         N/A       86%         4
 Lehudib's Crystal Spear  Conj/Erth      1%         10d2      100%        8
 Animate Armour           Summ/Erth      Unusable   N/A       N/A         4

Dungeon Overview and Level Annotations

Branches:
Dungeon (8/15)             Temple (1/1) D:5
   Lair: D:8-11

Altars:
Cheibriados
Elyvilon
Fedhas
Gozag
Hepliaklqana
Makhleb
Qazlal
Trog
Uskayaw
Yredelemnul
The Shining One

Annotations:
D:2 1 runed translucent door, exclusion: door, Crazy Yiuf
D:3 exclusion: downstairs
D:4 exclusion: upstairs, Blork the orc, Grinder
D:5 Eustachio, Ijyb
D:7 exclusion: upstairs


Innate Abilities, Weirdness & Mutations

You are a venomous arachnid creature.
You have poisonous fangs.
You are tiny and dextrous.
Your spellcasting is less reliable in this form.
Your armour is entirely melded.
You are incapable of wielding weapons or throwing items.
You cannot wear most types of armour.
((You are amphibious.))
You can wear up to eight rings at the same time.
((Your skin changes colour to match your surroundings (Stealth+).))
((Your rubbery body absorbs attacks. (AC +1, EV +1)))
((You are camouflaged when in or above water. (Stealth+)))
((You have tentacles for arms and can constrict up to eight enemies at once.))


Message History

Casting: Beastly Appendage (safe; 5% risk of failure)
Confirm with . or Enter, or press ? or * to list all spells.
The spell is quite dangerous to miscast (26% risk of failure)!
Continue anyway?
You turn into a venomous arachnid creature.
You completely miss the steam dragon. You completely miss the steam dragon.
The steam dragon completely misses you. The steam dragon claws you.
You hit the steam dragon.
The steam dragon is lightly wounded.
The steam dragon bites you! The steam dragon completely misses you.
You barely miss the steam dragon.
The steam dragon is lightly wounded.
The steam dragon barely misses you. The steam dragon misses you.
You barely miss the steam dragon.
The steam dragon is lightly wounded.
Your transformation is almost over.
The steam dragon bites you. The steam dragon misses you.
You barely miss the steam dragon.
The steam dragon is lightly wounded.
The steam dragon bites you. The steam dragon misses you.
You hit the steam dragon.
The steam dragon is poisoned.
The steam dragon is moderately wounded.
The steam dragon bites you! The steam dragon completely misses you.
You bite the steam dragon!
The steam dragon looks as sick as possible!
The steam dragon is severely wounded.
The steam dragon barely misses you. The steam dragon claws you.
You barely miss the steam dragon.
The steam dragon is severely wounded.
The steam dragon breathes steam at you. The ball of steam hits you!
* * * LOW HITPOINT WARNING * * *
You hear a shout!
The steam dragon attacks as you move away!
The steam dragon misses you. The steam dragon claws you.
* * * LOW HITPOINT WARNING * * *
The steam dragon breathes steam at you. The ball of steam hits you!!
You die...
Your body crumbles into a pile of gold.

. .. #.. #########
#...###..#..#.##
...............#
...............#
...............##
#..#####s<#.....#
###..###.ยง#########
.........D.#
..>........#
...........# $
...........#
........[..#
...####.#..# ###
#.####


You could see a steam dragon (extremely poisoned, catching breath).

Vanquished Creatures
  An ogre (D:5)
  A phantom (D:7)
  3 wights (D:7)
  A howler monkey (D:7)
  A hound (D:4)
  2 jellies (D:7)
  An orc priest (D:5)
  An orc wizard (D:5)
  Robin (D:2)
  2 adders (D:2)
  2 ufetubi
  A worm (D:4)
  14 dart slugs
  6 orcs
  2 endoplasms (D:2)
  2 giant cockroaches (D:2)
  7 hobgoblins
  4 jackals (D:1)
  6 kobolds
  3 quokkas
  3 ball pythons
  3 bats
  3 frilled lizards
  17 goblins
  2 rats
89 creatures vanquished.

Vanquished Creatures (others)
  A plant (D:2)
1 creature vanquished.

Grand Total: 90 creatures vanquished

Notes
Turn   | Place    | Note
-------+----------+-------------------------------------------
     0 | D:1      | H0rd4k the Octopode Transmuter began the quest for the Orb.
     0 | D:1      | Reached XP level 1. HP: 13/13 MP: 3/3
   232 | D:1      | Reached XP level 2. HP: 18/18 MP: 5/5
   473 | D:1      | Found a faded altar of an unknown god.
  1094 | D:2      | Noticed Robin
  1096 | D:2      | Reached skill level 1 in Stealth
  1102 | D:2      | Reached XP level 3. HP: 15/23 MP: 4/6
  1105 | D:2      | Killed Robin
  1568 | D:2      | Reached XP level 4. HP: 21/28 MP: 7/7
  1727 | D:2      | Found a basalt altar of Yredelemnul.
  2013 | D:2      | Found a runed translucent door.
  2014 | D:2      | Noticed Crazy Yiuf
  2607 | D:3      | Noticed a scorpion
  2715 | D:4      | Reached XP level 5. HP: 30/33 MP: 8/8
  2778 | D:4      | Noticed Grinder
  2797 | D:4      | Noticed Blork the orc
  2803 | D:5      | Entered Level 5 of the Dungeon
  2829 | D:5      | Noticed an ogre
  2831 | D:5      | Noticed Ijyb
  2844 | D:5      | Found a staircase to the Ecumenical Temple.
  2853 | Temple   | Entered the Ecumenical Temple
  2916 | Temple   | Became a worshipper of Gozag Ym Sagoz the Greedy
  2931 | D:5      | Noticed Eustachio
  2942 | D:5      | Killed an ogre
  2943 | D:5      | Reached XP level 6. HP: 6/38 MP: 7/9
  3309 | D:5      | Reached skill level 5 in Unarmed Combat
  3375 | D:5      | Found a burning altar of Makhleb.
  3656 | D:6      | Found a snail-covered altar of Cheibriados.
  3657 | D:6      | Noticed an orc warrior
  3914 | D:7      | Reached XP level 7. HP: 41/43 MP: 8/10
  4042 | D:7      | Found a basalt altar of Yredelemnul.
  4105 | D:7      | Reached skill level 5 in Stealth
  4342 | D:7      | Learned a level 3 spell: Spider Form
  4355 | D:7      | Noticed a steam dragon
  4491 | D:8      | Noticed a steam dragon
  4508 | D:8      | Killed from afar by a steam dragon

Illustrated notes

Levels and vault maps discovered:
D:1:      lightli_arrival_statuegarden, layout_basic,
          ebering_ecumenical_altar_abandoned, minmay_pentomino_o4
D:2:      layout_loops_ring, basic_altar, serial_bayou_crossing,
          uniq_crazy_yiuf_cottage, uniq_robin
D:3:      layout_rooms
D:4:      layout_rooms, uniq_grinder, uniq_blork_the_orc
D:5:      kennysheep_slugbush, layout_basic, bloody_makhleb,
          minmay_temple_entry_large_hall, uniq_eustachio, uniq_ijyb
D:6:      layout_cave_pools, mainiacjoe_overflow_catwalk
D:7:      layout_basic, mainiacjoe_overflow_alcove_2, serial_undead,
          serial_undead_c, serial_undead_b, serial_undead_e, serial_undead_e,
          kennysheep_another_room
D:8:      layout_gridville, mainiacjoe_overflow_catch_the_wave
Temple:   nicolae_temple_bog_church

Skill      XL: |  1  2  3  4  5  6  7 |
---------------+----------------------+-----
Stealth        | 1 2 3 4 5 |  5.1
Unarmed Combat | 4 5 |  5.8
Dodging        | 3 |  3.7
Fighting       | |  1.5
Spellcasting   | |  2.8
Transmutations | |  2.8
Poison Magic   | |  0.8

Action                   |  1- 3 |  4- 6 |  7- 9 || total
-------------------------+-------+-------+-------++-------
Melee: Unarmed           |    81 |   109 |    34 ||   224
       Constrict         |    23 |    32 |     3 ||    58
       Tentacles         |    15 |    21 |     4 ||    40
       Punch             |     1 |     7 |     4 ||    12
       Kick              |     3 |    14 |     9 ||    26
 Cast: Beastly Appendage |     1 |     8 |     3 ||    12
       Spider Form       |       |       |     1 ||     1
  Use: Scroll            |       |     2 |     1 ||     3
       Potion            |       |       |     2 ||     2
 Stab: Sleeping          |     3 |     9 |       ||    12
       Distracted        |       |     1 |       ||     1
Armor: Skin              |     4 |     6 |       ||    10
Dodge: Dodged            |    52 |    70 |    25 ||   147
